 Dungeon Crawl Stone Soup version 0.27.1-37-g7b29ead8ac (webtiles) character file.

Game seed: 5911952052394518875

193323 HanshermHop the Tortoise (level 17, 0/156 HPs)
             Began as a Minotaur Fighter on Mar 20, 2024.
             Was a High Priest of Okawaru.
             Slain by a ghoul (2 damage)
             ... on level 1 of the Swamp on Mar 21, 2024.
             The game lasted 03:23:43 (39148 turns).

HanshermHop the Tortoise (Minotaur Fighter)        Turns: 39148, Time: 03:23:44

Health: 0/156      AC: 29    Str: 25    XL:     17   Next: 64%
Magic:  23/23      EV: 15    Int:  7    God:    Okawaru [*****.]
Gold:   1060       SH: 18    Dex: 11    Spells: 16/16 levels left

rFire    + + .     SeeInvis +   u - +7 war axe of the Mouth {vorpal, rF+ Will+ Stlth+}
rCold    + + .     Faith    .   n - +2 kite shield
rNeg     . . .     Spirit   .   M - +6 chain mail "Dixer" {rC++ Stlth+}
rPois    .         Reflect  .   j - +2 hat {SInv}
rElec    +         Harm     .   f - +0 cloak
rCorr    .         Rampage  .   e - +2 pair of gloves {Stlth+}
Will     +++..                  v - +2 pair of boots
Stlth    +++.......             H - amulet of regeneration
HPRegen  1.36/turn              C - ring of flight
MPRegen  0.18/turn              r - ring "Quzuph" {rElec rF+ Will+}

@: lethally poisoned (0 -> -13), heroic, flying
A: horns 2, retaliatory headbutt, deformed body
}: 1/15 runes: serpentine
a: Renounce Religion, Heroism, Finesse


You were on level 1 of the Swamp.
You worshipped Okawaru.
Okawaru was extremely pleased with you.
You visited 7 branches of the dungeon, and saw 30 of its levels.
You also visited: Bailey.

You collected 2141 gold pieces.
You spent 1081 gold pieces at shops.

Inventory:

Hand Weapons
 a - a +2 war axe of flaming
 b - the +4 broad axe of Megalomania {holy, *Rage +Blink rF+++ SInv}
   (Okawaru gifted it to you on level 5 of the Lair of Beasts)

   It has been blessed by the Shining One to cause great damage to the undead
   and demons.
   rF:        It renders you almost immune to fire.
   SInv:      It lets you see invisible.
   +Blink:    It lets you blink.
   *Rage:     It may make you go berserk in combat.
 t - a +0 broad axe of draining
 u - the +7 war axe of the Mouth (weapon) {vorpal, rF+ Will+ Stlth+}
   (You found it on level 4 of the Lair of Beasts)

   It inflicts extra damage upon your enemies.
   rF:        It protects you from fire.
   Will:      It increases your willpower.
   Stlth:     It makes you more stealthy.
Missiles
 h - 14 silver javelins
 k - 10 javelins (quivered)
 y - 12 datura-tipped darts
 D - 8 silver boomerangs
 K - 3 throwing nets
Armour
 e - a +2 pair of gloves of stealth (worn)
 f - a +0 cloak (worn)
 j - a +2 hat of see invisible (worn)
 n - a +2 kite shield (worn)
 v - a +2 pair of boots (worn)
 M - the +6 chain mail "Dixer" (worn) {rC++ Stlth+}
   (You found it on level 8 of the Dungeon)

   rC:        It greatly protects you from cold.
   Stlth:     It makes you more stealthy.
 Y - the +5 ring mail "Ibith" {rElec Will+ Int-5 Dex+4}
   (You found it on level 11 of the Dungeon)

   Int:       It affects your intelligence (-5).
   Dex:       It affects your dexterity (+4).
   rElec:     It insulates you from electricity.
   Will:      It increases your willpower.
Jewellery
 c - an amulet of reflection
 i - a +4 ring of protection
 r - the ring "Quzuph" (right hand) {rElec rF+ Will+}
   (You bought it in a shop on level 2 of the Orcish Mines)

   [ring of protection from fire]

   rF:        It protects you from fire.
   rElec:     It insulates you from electricity.
   Will:      It increases your willpower.
 C - a ring of flight (left hand)
 H - an amulet of regeneration (around neck)
 J - a ring of positive energy
 U - a ring of protection from fire
 W - a ring of ice
 Z - a ring of poison resistance
Wands
 d - a wand of digging (5)
 g - a wand of flame (25)
 A - a wand of mindburst (37)
 B - a wand of iceblast (72)
 G - a wand of polymorph (9)
 P - a wand of paralysis (21)
Scrolls
 l - 3 scrolls of fear
 m - 2 scrolls of fog
 o - a scroll of blinking
 z - 5 scrolls of vulnerability
 E - 2 scrolls of magic mapping
 F - 9 scrolls of teleportation
 O - a scroll of brand weapon
 S - 2 scrolls of silence
 T - a scroll of holy word
 X - a scroll of immolation
Potions
 q - 6 potions of flight
 s - 2 potions of haste
 w - 3 potions of lignification
 x - 4 potions of ambrosia
 I - 2 potions of resistance
 L - 2 potions of might
 Q - a potion of magic
 R - 3 potions of cancellation
 V - 3 potions of attraction


   Skills:
 + Level 15.6(20.6) Fighting
 + Level 15.4(20.4) Axes
 - Level 10.0(15.0) Throwing
 + Level 15.6(20.6) Armour
 + Level 14.2(19.2) Dodging
 - Level 15.0(20.0) Shields
 - Level 10.0 Invocations
 - Level 5.0 Evocations


You had 16 spell levels left.
You didn't know any spells.
Your spell library contained the following spells:

 Spells                   Type           Power      Damage    Failure   Level
 Animate Skeleton         Necr           0%         N/A       82%         1
 Apportation              Tloc           0%         N/A       82%         1
 Corona                   Hex            0%         N/A       82%         1
 Magic Dart               Conj           0%         1d3       82%         1
 Pain                     Necr           0%         1d4       82%         1
 Sandblast                Erth           0%         2d4       82%         1
 Shock                    Conj/Air       0%         1d3       82%         1
 Summon Small Mammal      Summ           0%         N/A       82%         1
 Call Imp                 Summ           0%         N/A       91%         2
 Corpse Rot               Necr/Air       N/A        N/A       91%         2
 Passwall                 Tmut/Erth      0%         N/A       91%         2
 Sublimation of Blood     Necr           0%         N/A       91%         2
 Call Canine Familiar     Summ           0%         N/A       99%         3
 Frozen Ramparts          Ice            0%         1d2       99%         3
 Mephitic Cloud           Conj/Pois/Air  0%         N/A       99%         3
 Portal Projectile        Hex/Tloc       0%         N/A       99%         3
 Stone Arrow              Conj/Erth      0%         3d7       99%         3
 Swiftness                Air            0%         N/A       99%         3
 Vampiric Draining        Necr           0%         2d6       99%         3
 Airstrike                Air            0%         N/A       100%        4
 Animate Armour           Summ/Erth      0%         N/A       100%        4
 Animate Dead             Necr           0%         N/A       100%        4
 Dispel Undead            Necr           0%         3d6       100%        4
 Ice Form                 Ice/Tmut       0%         N/A       100%        4
 Leda's Liquefaction      Hex/Erth       0%         N/A       100%        4
 Petrify                  Tmut/Erth      0%         N/A       100%        4
 Summon Ice Beast         Ice/Summ       0%         N/A       100%        4
 Borgnjor's Vile Clutch   Necr/Erth      0%         N/A       100%        5
 Irradiate                Conj/Tmut      0%         3d13      100%        5
 Lee's Rapid Deconstruct  Erth           0%         3d5*      100%        5
 Summon Mana Viper        Hex/Summ       0%         N/A       100%        5
 Death Channel            Necr           0%         N/A       100%        6
 Dispersal                Tloc           0%         N/A       100%        6
 Monstrous Menagerie      Summ           0%         N/A       100%        7
 Disjunction              Tloc           0%         N/A       100%        8
 Lehudib's Crystal Spear  Conj/Erth      0%         10d2      100%        8


Dungeon Overview and Level Annotations

Branches:
Dungeon (15/15)            Temple (1/1) D:7            Lair (6/6) D:9
  Swamp (1/4) Lair:4        Snake (4/4) Lair:3        Slime (0/5) Lair:6
    Orc (2/2) D:12            Elf (0/3) Orc:2        Vaults (0/5) D:14
 Depths (1/5) D:15         Bailey (visited)

Altars:
Ashenzari
Cheibriados
Dithmenos
Fedhas
Gozag
Hepliaklqana
Kikubaaqudgha
Makhleb
Nemelex Xobeh
Okawaru
Qazlal
Ru
Sif Muna
Trog
Uskayaw
Vehumet
Wu Jian
Xom
Yredelemnul
Zin
Beogh
Jiyva

Shops:
D:3 *   D:5 (   D:8 ?   Orc:2 =**=

Annotations:
Lair:1 exclusion: 2 oklob plants
Lair:2 exclusion: 2 oklob plants
Lair:6 exclusion: oklob plant


Innate Abilities, Weirdness & Mutations

You have a pair of horns on your head.
You reflexively headbutt those who attack you in melee.
Armour fits poorly on your strangely shaped body.


Message History

The ghoul claws you but does no damage. You block the ghoul's attack.
You feel better.
You are engulfed in poison gas.
You are poisoned.
* * * LOW HITPOINT WARNING * * *
x2 You feel very sick.
The ghoul claws you but does no damage. You block the ghoul's attack.
The swamp dragon bites you but does no damage.
The swamp dragon misses you. You block the swamp dragon's attack.
You feel better.
You are engulfed in poison gas.
You are poisoned.
* * * LOW HITPOINT WARNING * * *
You feel sick.
The ghoul claws you but does no damage. x2
A necrophage comes into view.
The swamp dragon bites you.
* * * LOW HITPOINT WARNING * * *
You block the swamp dragon's attack. x2
You feel better.
You are engulfed in poison gas.
You are poisoned.
* * * LOW HITPOINT WARNING * * *
x2 You feel very sick.
You block the ghoul's attack. The ghoul claws you but does no damage.
The swamp dragon breathes poison at you.
The blast of poison engulfs you but does no damage.
You are more poisoned.
You feel better.
You are engulfed in poison gas.
You are poisoned.
* * * LOW HITPOINT WARNING * * *
You feel very sick. The necrophage barely misses you.
The ghoul barely misses you. You furiously retaliate!
You headbutt the ghoul! You block the ghoul's attack.
You block the swamp dragon's attack. x2; The swamp dragon misses you.
You slash the swamp dragon!
The swamp dragon is lightly wounded.
You barely miss the ghoul. You slash the necrophage!
You are engulfed in poison gas.
You are lethally poisoned!
* * * LOW HITPOINT WARNING * * *
x2 You feel very sick.
The necrophage misses you. The ghoul claws you.
You die...

## ##≈☼♣ ≈..... ≈#
#≈≈Z♣ ♣.♣.... ≈##
##≈☼♣ .D≈.≈
≈≈###§≈♣♣ ..=
≈≈≈≈≈≈≈☼♣♣♣♣°♣♣♣♣♣.
≈≈≈≈≈≈≈≈D☼°D○○.....
≈≈≈..≈.♣.♣♣♣♣♣.....♣
♣≈.........○§♣♣♣♣♣.♣
≈≈..♣♣♣♣♣≈.○○☼☼D@n°♣
..... ♣♣♣♣♣♣°n.°°♣
♣♣♣♣.. ♣♣♣♣♣.♣ ♣♣♣
.♣ ♣


You could see a ghoul, a swamp dragon (catching breath) and a necrophage.

Vanquished Creatures
  2 quicksilver dragons (Snake:4)
  A nagaraja (Snake:1)
  An orc warlord (Orc:2)
  2 ghouls (Swamp:1)
  2 stone giants (D:15)
  A vampire knight (D:15)
  Nessos (D:12)
  An ettin (Orc:1)
  An eleionoma (Swamp:1)
  Harold (D:8)
  3 salamander tyrants
  7 hydras
  A ghost crab (Swamp:1)
  14 naga warriors
  2 boulder beetles
  5 catoblepae
  A centaur warrior (D:15)
  18 death yaks
  5 two-headed ogres
  12 anacondas
  3 tengu warriors
  3 orc high priests (Orc:2)
  A deep troll earth mage (D:15)
  19 naga sharpshooters
  14 shock serpents
  3 iron trolls (D:15)
  A salamander mystic (Snake:2)
  3 naga ritualists
  5 sea snakes
  A deep troll (D:15)
  7 orc knights
  4 deep elf pyromancers
  4 mana vipers
  A necromancer (D:14)
  15 ugly things
  3 orc sorcerers (Orc:2)
  7 salamanders
  9 cyclopes
  9 manticores
  6 guardian serpents
  18 elephants
  34 black mambas
  A gargoyle (D:13)
  20 naga magi
  A cane toad (shapeshifter) (D:15)
  2 molten gargoyles (Lair:4)
  13 cane toads
  2 kobold demonologists (D:13)
  2 unseen horrors
  2 rime drakes
  An efreet (D:14)
  10 komodo dragons
  A tengu conjurer (D:14)
  6 trolls
  3 meliai (D:15)
  2 hornets (Swamp:1)
  A polar bear (Lair:4)
  12 blink frogs
  8 dream sheep
  A centaur simulacrum (D:14)
  8 spriggans
  62 yaks
  3 wraiths
  2 shadows
  4 wyverns
  3 humans (Lair:5)
  9 basilisks
  2 steam dragons
  A basilisk (shapeshifter) (D:14)
  14 vampire mosquitoes
  A warg (Orc:2)
  2 swamp worms (Swamp:1)
  5 acid dragons
  33 nagas
  13 water moccasins
  An ice beast (D:6)
  A hornet zombie (D:7)
  36 orc warriors
  3 sky beasts
  2 black bears (Lair:3)
  3 ogres
  3 necrophages
  7 wolves
  A phantom (D:6)
  8 centaurs
  7 kobold brigands
  10 bullfrogs
  A gnoll sergeant (D:9)
  A scorpion (D:5)
  9 killer bees
  2 water moccasin skeletons
  7 wights
  8 electric eels
  5 lava snakes (Lair:4)
  A centaur zombie (D:10)
  8 hounds
  2 gnoll shamans (D:9)
  25 orc priests
  3 centaur skeletons
  Jessica (D:3)
  Terence (D:2)
  4 iguanas
  31 orc wizards
  20 hell rats
  A killer bee zombie (D:8)
  2 hound skeletons
  3 howler monkey zombies
  14 gnolls
  20 adders
  11 river rats (Lair:1)
  A shadow imp (D:4)
  2 white imps
  2 ufetubi
  4 worms
  93 orcs
  6 endoplasms
  2 giant cockroaches
  5 goblins
  8 hobgoblins
  5 jackals
  3 quokkas
  9 ball pythons
  3 bats
  4 frilled lizards
  28 kobolds
  10 rats
948 creatures vanquished.

Vanquished Creatures (others)
  A tyrant leech (Swamp:1)
  2 humans (Lair:5)
  45 fungi
  117 plants
165 creatures vanquished.

Grand Total: 1113 creatures vanquished

Notes
Turn   | Place    | Note
-------+----------+-------------------------------------------
     0 | D:1      | HanshermHop the Minotaur Fighter began the quest for the
                  | Orb.
     0 | D:1      | Reached XP level 1. HP: 19/19 MP: 0/0
   267 | D:1      | Reached XP level 2. HP: 27/27 MP: 1/1
   493 | D:1      | Reached skill level 1 in Dodging
   596 | D:1      | Reached XP level 3. HP: 33/33 MP: 2/2
   728 | D:1      | Found a faded altar of an unknown god.
  1065 | D:2      | Reached XP level 4. HP: 40/40 MP: 3/3
  1260 | D:2      | Noticed Terence
  1266 | D:2      | Killed Terence
  1588 | D:3      | Reached XP level 5. HP: 46/47 MP: 4/4
  1693 | D:3      | Noticed Jessica
  1735 | D:3      | Killed Jessica
  1905 | D:3      | Found Wiofoc's Assorted Antiques.
  2564 | D:4      | Noticed an ogre
  2573 | D:4      | Killed an ogre
  2574 | D:4      | Reached skill level 5 in Fighting
  2574 | D:4      | Reached XP level 6. HP: 16/56 MP: 5/5
  2864 | D:4      | Reached skill level 5 in Shields
  2875 | D:4      | Reached skill level 5 in Armour
  2885 | D:4      | You fall into a shaft and drop 1 floor!
  2885 | D:5      | Entered Level 5 of the Dungeon
  2888 | D:5      | Found a broken altar of Ashenzari.
  3312 | D:4      | Noticed a steam dragon
  3324 | D:4      | Killed a steam dragon
  3325 | D:4      | Reached XP level 7. HP: 12/61 MP: 6/6
  3919 | D:4      | Identified the +0 ring mail "Xetziytt" {rElec Int+8 Stlth+}
  3988 | D:5      | Found Ysuh's Antique Weapon Shoppe.
  3991 | D:5      | Reached skill level 5 in Axes
  4479 | D:5      | Reached XP level 8. HP: 49/70 MP: 7/7
  5716 | D:6      | Reached skill level 5 in Dodging
  6092 | D:6      | Reached XP level 9. HP: 78/79 MP: 8/8
  6571 | D:7      | Found a staircase to the Ecumenical Temple.
  6578 | Temple   | Entered the Ecumenical Temple
  6763 | Temple   | Became a worshipper of Warmaster Okawaru
  6831 | D:7      | Reached skill level 1 in Evocations
  6873 | D:7      | Reached skill level 1 in Invocations
  7796 | D:8      | Reached * piety under Okawaru
  7810 | D:8      | Noticed Harold
  7850 | D:8      | Killed Harold
  7850 | D:8      | Reached ** piety under Okawaru
  7984 | D:8      | Found a flagged portal.
  7993 | Bailey   | Entered a bailey
  8417 | D:8      | Reached XP level 10. HP: 78/88 MP: 9/11
  8502 | D:8      | Identified the +6 chain mail "Dixer" {rC++ Stlth+}
  8703 | D:8      | Noticed a manticore
  8715 | D:8      | Reached *** piety under Okawaru
  8729 | D:8      | Killed a manticore
  8961 | D:8      | Noticed a manticore
  8973 | D:8      | Killed a manticore
  9145 | D:8      | Noticed a cyclops
  9202 | D:8      | Killed a cyclops
  9202 | D:8      | Reached **** piety under Okawaru
  9408 | D:8      | Found Soucvoxt's Magic Scroll Emporium.
  9923 | D:9      | Noticed a five-headed hydra
  9932 | D:9      | Killed a five-headed hydra
  9932 | D:9      | Reached ***** piety under Okawaru
  9932 | D:9      | Received a gift from Okawaru
  9933 | D:9      | Reached XP level 11. HP: 50/97 MP: 10/13
 10566 | D:9      | Found a staircase to the Lair.
 10600 | D:9      | Noticed a catoblepas
 10627 | D:9      | Killed a catoblepas
 11111 | D:9      | Identified the +4 leather armour "Hoig" {rElec}
 11120 | D:9      | Paralysed by a kobold brigand for 4 turns
 12152 | D:10     | Entered Level 10 of the Dungeon
 12339 | D:10     | Identified the +6 executioner's axe of the Turnip {spect,
                  | Will+ Str+3 Dex+4} (Okawaru gifted it to you on level 10 of
                  | the Dungeon)
 12339 | D:10     | Received a gift from Okawaru
 12731 | D:10     | Reached skill level 5 in Invocations
 13917 | D:11     | Reached skill level 5 in Evocations
 13980 | D:11     | Found a sacrificial altar of Ru.
 14061 | D:11     | Reached skill level 10 in Fighting
 14061 | D:11     | Reached skill level 10 in Armour
 14263 | D:11     | Noticed a green ugly thing
 14272 | D:11     | Killed a green ugly thing
 14272 | D:11     | Received a gift from Okawaru
 14273 | D:11     | Reached skill level 10 in Shields
 14451 | D:11     | Identified the +5 ring mail "Ibith" {rElec Will+ Int-5
                  | Dex+4}
 14736 | Lair:1   | Entered Level 1 of the Lair of Beasts
 14852 | Lair:1   | Found a blossoming altar of Fedhas.
 14854 | Lair:1   | Noticed an oklob plant
 15167 | Lair:1   | Reached XP level 12. HP: 99/106 MP: 15/15
 15240 | Lair:1   | Reached skill level 10 in Axes
 15525 | Lair:1   | Noticed a four-headed hydra
 15529 | Lair:1   | Killed a one-headed hydra
 17786 | Lair:3   | Reached ****** piety under Okawaru
 18026 | Lair:3   | Received a gift from Okawaru
 18027 | Lair:3   | Found a staircase to the Snake Pit.
 18644 | Lair:4   | Identified the +7 war axe of the Mouth {vorpal, rF+ Will+
                  | Stlth+}
 18893 | Lair:4   | Found a staircase to the Swamp.
 18921 | Lair:4   | Noticed a four-headed hydra
 18938 | Lair:4   | Killed a one-headed hydra
 19083 | Lair:4   | Noticed a catoblepas
 19157 | Lair:4   | Killed a catoblepas
 19158 | Lair:4   | Reached XP level 13. HP: 116/116 MP: 9/17
 19349 | Lair:4   | Reached skill level 10 in Dodging
 19905 | Lair:5   | Identified the +4 broad axe of Megalomania {holy, *Rage
                  | +Blink rF+++ SInv} (Okawaru gifted it to you on level 5 of
                  | the Lair of Beasts)
 19905 | Lair:5   | Received a gift from Okawaru
 20318 | Lair:5   | Reached skill level 1 in Throwing
 20709 | Lair:5   | Received a gift from Okawaru
 22427 | Lair:6   | Entered Level 6 of the Lair of Beasts
 22435 | Lair:6   | Received a gift from Okawaru
 22997 | Lair:6   | Reached XP level 14. HP: 114/126 MP: 19/19
 23653 | Lair:6   | Received a gift from Okawaru
 23803 | Lair:6   | Received a gift from Okawaru
 24098 | Lair:6   | Found a viscous altar of Jiyva.
 24098 | Lair:6   | Found a staircase to the Slime Pits.
 24699 | Lair:6   | Reached skill level 5 in Throwing
 25288 | D:12     | Found a staircase to the Orcish Mines.
 25431 | D:12     | You fall into a shaft and drop 2 floors!
 25621 | D:12     | Received a gift from Okawaru
 25927 | D:12     | Noticed Nessos
 25938 | D:12     | Killed Nessos
 26396 | D:12     | You fall into a shaft and drop 3 floors!
 26396 | D:15     | Entered Level 15 of the Dungeon
 26909 | Orc:1    | Entered Level 1 of the Orcish Mines
 27167 | D:13     | Received a gift from Okawaru
 27725 | D:13     | Received a gift from Okawaru
 28006 | D:14     | Received a gift from Okawaru
 28026 | D:14     | Reached XP level 15. HP: 107/136 MP: 13/20
 28429 | D:14     | Found a gate to the Vaults.
 29630 | D:15     | Received a gift from Okawaru
 29799 | D:15     | Found a staircase to the Depths.
 30060 | D:15     | Received a gift from Okawaru
 30545 | Orc:1    | Received a gift from Okawaru
 30598 | Orc:1    | Found a bloodstained altar of Trog.
 30908 | Orc:2    | Entered Level 2 of the Orcish Mines
 31299 | Orc:2    | Noticed an orc warlord
 31329 | Orc:2    | Killed an orc warlord
 31416 | Orc:2    | Found a staircase to the Elven Halls.
 31958 | Orc:2    | Gained mutation: Armour fits poorly on your strangely
                  | shaped body. [a neqoxec]
 31977 | Orc:2    | Found Donor's Jewellery Emporium.
 31977 | Orc:2    | Found Quci's Jewellery Boutique.
 32651 | Orc:2    | Found Gethreom's General Store.
 32651 | Orc:2    | Found Gahenyatz's Assorted Antiques.
 32657 | Orc:2    | Bought the ring "Quzuph" {rElec rF+ Will+} for 579 gold
                  | pieces
 32664 | Orc:2    | Bought a pair of runed boots for 172 gold pieces
 32678 | Orc:2    | Bought an amulet of regeneration for 330 gold pieces
 32999 | Depths:1 | Entered Level 1 of the Depths
 33524 | Snake:1  | Entered Level 1 of the Snake Pit
 33636 | Snake:1  | Reached XP level 16. HP: 113/145 MP: 21/21
 33748 | Snake:1  | Received a gift from Okawaru
 34131 | Snake:1  | Received a gift from Okawaru
 35263 | Snake:2  | Received a gift from Okawaru
 35308 | Snake:2  | Received a gift from Okawaru
 35765 | Snake:2  | Reached skill level 10 in Invocations
 35830 | Snake:2  | Received a gift from Okawaru
 37098 | Snake:3  | Received a gift from Okawaru
 37129 | Snake:3  | Reached skill level 15 in Shields
 37144 | Snake:3  | Reached XP level 17. HP: 154/154 MP: 23/23
 37334 | Snake:3  | Reached skill level 15 in Armour
 37380 | Snake:3  | Received a gift from Okawaru
 37381 | Snake:3  | Reached skill level 15 in Fighting
 37599 | Snake:3  | Reached skill level 15 in Axes
 37608 | Snake:3  | Identified the +7 hand crossbow of Trauma {flame, SInv}
 37995 | Snake:4  | Entered Level 4 of the Snake Pit
 38417 | Snake:4  | Noticed a quicksilver dragon
 38419 | Snake:4  | Noticed a quicksilver dragon
 38445 | Snake:4  | Killed a quicksilver dragon
 38445 | Snake:4  | Received a gift from Okawaru
 38445 | Snake:4  | Killed a quicksilver dragon
 38641 | Snake:4  | Got a serpentine rune of Zot
 38897 | Swamp:1  | Entered Level 1 of the Swamp
 39110 | Swamp:1  | Reached skill level 10 in Throwing
 39136 | Swamp:1  | HP: 7/156 [swamp dragon] (9)]
 39136 | Swamp:1  | HP: 1/156 [poisoned by a swamp dragon (poison gas)]
 39141 | Swamp:1  | HP: 4/156 [ghoul (9)]
 39146 | Swamp:1  | HP: 5/156 [swamp dragon] (4)]
 39146 | Swamp:1  | HP: 2/156 [poisoned by a swamp dragon (poison gas)]
 39148 | Swamp:1  | Slain by a ghoul

Illustrated notes

Levels and vault maps discovered:
D:1:      minmay_arrival_shattered_statue, layout_rooms,
          hellmonk_ecumenical_altar_heavens_door
D:2:      layout_rooms, uniq_terence
D:3:      layout_loops_cross, serial_shops, shop_fountains, uniq_jessica
D:4:      layout_loops_corners
D:5:      layout_basic, mainiacjoe_overflow_paths, serial_shops, shop,
          grunt_decor_cap, chequers_decorated_corner, minmay_misc_feat_alley
D:6:      layout_loops_ring
D:7:      layout_basic, minmay_temple_entry_metal_lava
D:8:      layout_cave_pools, enter_bailey_2, serial_shops, shop_scrolls,
          minmay_evil_grid, uniq_harold
D:9:      kennysheep_housing_project, layout_basic, lair_entry_dummy,
          minivault_4
D:10:     layout_gridville, minmay_strange_pillars
D:11:     layout_gridville, nicolae_ru_sacrificial_ziggurat
D:12:     layout_basic, david_orc_2, uniq_nessos
D:13:     layout_roguey, grunt_ministairs_5
D:14:     layout_roguey, david_vaults_1
D:15:     grunt_enter_depths_snipers, layout_gridville, st_stairs_6
Temple:   regret_index_temple_sigil_plot
Lair:1:   minmay_lair_venomous_thicket, layout_layer_cave,
          minmay_lair_oklob_bushes, hangedman_tree_tricks, kennysheep_rathole
Lair:2:   layout_cave_pods, wad_woods_01, serial_bayou_shore_b,
          serial_bayou_shore_a, minmay_lair_oklob_chamber,
          infiniplex_staircase_pool_2
Lair:3:   layout_misc_corridors, dummy_snake_entry, beast_lair_carwin_4,
          grunt_megastairs_5
Lair:4:   cheibrodos_magma_flow, layout_regular_city,
          minmay_swamp_entry_reptiles
Lair:5:   slaughterhouse, layout_gridlike, serial_bayou_pond_a,
          nicolae_lair_grove_arrangements, lemuel_fruit_fields
Lair:6:   evilmike_catoblepas_cave, layout_gridlike,
          dpeg_slime_entry_enclosed_altar
Swamp:1:  layout_falls_marsh, hangedman_swamp_cone, worms_lemuel
Snake:1:  nicolae_snakescales, layout_layer_cave, serial_bayou,
          serial_bayou_pond_d, serial_bayou_pond_b, serial_bayou_ford_a,
          serial_bayou_shore_b
Snake:2:  layout_grid_maze, nicolae_snake_omega, grunt_megastairs_2
Snake:3:  layout_cave_shapes, nicolae_snake_storage_room
Snake:4:  hellmonk_snake_rune_quicksilver_temple, layout_cave_pods,
          minmay_shop_star, uniq_louise
Orc:1:    layout_caves, basic_altar
Orc:2:    grunt_orc_tribal_feast, layout_diamond_mine, basic_altar,
          gauntlet_entry_generic
Depths:1: layout_cave_pools, enter_ziggurat_e, minmay_room_of_horrors,
          hell_entry, dk_noncrumbling_2, lemuel_nasty_fountain

Skill      XL: |  1  2  3  4  5  6  7  8  9 10 11 12 13 14 15 16 17 |
---------------+----------------------------------------------------+-----
Dodging        | 1 2 3 4 5 6 7 8 9 10 11 12 13 14 | 14.2
Fighting       | 4 5 6 7 8 9 10 11 12 13 14 15 | 15.6
Armour         | 4 5 6 7 8 9 10 11 12 13 14 15 | 15.6
Shields        | 4 5 6 7 8 9 10 11 12 13 14 15 | 15.0
Axes           | 3 4 5 6 7 8 9 11 12 13 14 15 | 15.4
Evocations     | 2 4 5 |  5.0
Invocations    | 2 4 5 7 8 9 10 | 10.0
Throwing       | 3 6 7 9 10 | 10.0

Action                   |  1- 3 |  4- 6 |  7- 9 | 10-12 | 13-15 | 16-18 || total
-------------------------+-------+-------+-------+-------+-------+-------++-------
Melee: War axe           |    94 |   148 |   252 |   707 |  1366 |   889 ||  3456
       Headbutt          |    13 |    28 |    81 |   179 |   352 |   183 ||   836
       Flail             |       |       |       |    23 |       |       ||    23
Throw: Dart              |     5 |     4 |    10 |     1 |     2 |       ||    22
       Javelin           |       |       |       |       |    10 |    11 ||    21
Invok: Heroism           |       |       |     1 |    13 |    19 |     9 ||    42
       Finesse           |       |       |       |     1 |     7 |     5 ||    13
Evoke: Wand              |       |       |     1 |    10 |     6 |     5 ||    22
  Use: Scroll            |     1 |     2 |     4 |    20 |     5 |     3 ||    35
       Potion            |       |     4 |       |     1 |     2 |    11 ||    18
 Stab: Distracted        |       |       |       |     1 |       |       ||     1
       Petrified         |       |       |       |       |     5 |       ||     5
Armor: Scale mail        |    54 |    46 |    93 |     2 |       |       ||   195
       Chain mail        |       |     5 |       |   277 |   490 |   263 ||  1035
Dodge: Dodged            |    44 |    44 |    74 |   219 |   369 |   231 ||   981
Block: Kite shield       |    65 |    76 |   144 |   413 |   726 |   597 ||  2021
